 Dungeon Crawl Stone Soup version 0.31.0-12-g77e489cdc1 (webtiles) character file.

Game seed: 15422648406548835113

20563 DildoBatman the Geomancer (level 13, -6/86 (98) HPs)
             Began as a Formicid Conjurer on Feb 13, 2024.
             Was an Initiate of Gozag.
             Mangled by a death yak simulacrum (37 damage)
             ... on level 11 of the Dungeon.
             The game lasted 00:58:45 (15589 turns).

DildoBatman the Geomancer (Formicid Conjurer)      Turns: 15589, Time: 00:58:45

HP:   -6/86 (98)    AC: 12    Str: 13    XL:     13   Next: 13%
MP:   4/22          EV: 14    Int: 27    God:    Gozag
Gold: 887           SH:  0    Dex: 16    Spells: 2/24 levels left

rFire   . . .        d - +1 war axe "Curilir" {heavy, Int+5 Dex-2}
rCold   . . .        (no shield)
rNeg    . . .        M - +3 leather armour {Will+}
rPois   .            (helmet unavailable)
rElec   .            (no cloak)
rCorr   .            (no gloves)
SInv    +            C - +0 pair of boots
Will    ++...        K - amulet of faith
Stlth   ++           e - +6 ring of dexterity
HPRegen 0.34/turn    F - +4 ring of protection
MPRegen 0.18/turn

%: faith
@: heavily drained
A: permanent stasis, dig shafts and tunnels, antennae 3, four strong arms
a: Dig, Shaft Self, Renounce Religion, Potion Petition, Call Merchant, Bribe
Branch


You were on level 11 of the Dungeon.
You worshipped Gozag.
Gozag was pleased with you.
You visited 3 branches of the dungeon, and saw 14 of its levels.
You also visited: Bailey.

You collected 1543 gold pieces.
You spent 290 gold pieces at shops.
You paid 366 gold pieces to Gozag.

Inventory:

Hand Weapons
 a - a +2 great sword
 c - a +6 sling
 d - the +1 war axe "Curilir" (weapon) {heavy, Int+5 Dex-2}
   (You found it on level 3 of the Dungeon)

   Int+5:     It affects your intelligence (+5).
   Dex-2:     It affects your dexterity (-2).
Missiles
 u - 3 boomerangs
 E - 28 poisoned darts
 G - 4 javelins
 H - 4 atropa-tipped darts
 N - a curare-tipped dart
Armour
 C - a +0 pair of boots (worn)
 D - a +1 robe of resistance
 M - a +3 leather armour of willpower (worn)
Jewellery
 e - a +6 ring of dexterity (left hand)
 A - a ring of flight
 F - a +4 ring of protection (right hand)
 K - an amulet of faith (around neck)
Wands
 b - a wand of flame (32)
 f - a wand of paralysis (6)
 p - a wand of digging (8)
 Q - a wand of acid (34)
Scrolls
 g - 3 scrolls of amnesia
 h - 3 scrolls of immolation
 i - a scroll of brand weapon
 j - 5 scrolls of fog
 o - a scroll of silence {unknown}
 s - a scroll of torment
 x - 3 scrolls of enchant armour
 y - 2 scrolls of poison
 z - a scroll of identify
 B - 2 scrolls of vulnerability {unknown}
 I - a scroll of enchant weapon {unknown}
 L - 6 scrolls of fear
Potions
 k - a potion of curing {unknown}
 l - 3 potions of heal wounds
 m - a potion of mutation {unknown}
 n - a potion of attraction {unknown}
 q - a potion of brilliance {unknown}
 r - 2 potions of might {unknown}
 t - a potion of berserk rage {unknown}
 v - 2 potions of haste {unknown}
 w - a potion of magic
Miscellaneous
 P - a phial of floods


   Skills:
 - Level 8.0 Fighting
 - Level 3.0 Throwing
 - Level 8.0 Armour
 - Level 6.0 Dodging
 - Level 4.0 Stealth
 - Level 6.0 Spellcasting
 - Level 6.0 Conjurations
 - Level 9.0 Necromancy
 - Level 8.0 Ice Magic
 * Level 9.7 Earth Magic
 - Level 2.0 Shapeshifting


You had 2 spell levels left.
You knew the following spells:

 Your Spells              Type           Power      Damage    Failure   Level
a - Borgnjor's Vile Clut  Necr/Erth      27%        N/A       4%          5
b - Frozen Ramparts       Ice            100%       1d16      1%          3
c - Magic Dart            Conj           100%       1d8       1%          1
d - Vampiric Draining     Necr           54%        2d9       1%          3
e - Dispel Undead         Necr           54%        3d20      1%          4
f - Cigotuvi's Dreadful   Necr/Alch/Air  48%        N/A       3%          2
g - Searing Ray           Conj           80%        2d7       1%          2
z - Sublimation of Blood  Necr           54%        N/A       1%          2

Your spell library contained the following spells:

 Spells                   Type           Power      Damage    Failure   Level
 Freeze                   Ice            100%       1d10      1%          1
 Kiss of Death            Conj/Necr      100%       2d13      1%          1
 Hailstorm                Conj/Ice       45%        3d10      1%          3
 Curse of Agony           Necr           54%        N/A       5%          5
 Petrify                  Alch/Erth      34%        N/A       11%         4
 Martyr's Knell           Necr/Summ      32%        N/A       12%         4
 Fulminant Prism          Conj/Alch      12%        3d9       22%         4
 Iskenderun's Mystic Bla  Conj/Tloc      24%        2d7       22%         4
 Irradiate                Conj/Alch      12%        3d15      54%         5
 Animate Dead             Necr           Unusable   N/A       N/A         4

Dungeon Overview and Level Annotations

Branches:
Dungeon (11/15)            Temple (1/1) D:7             Orc (2/2) D:9
    Elf (0/3) Orc:2        Bailey (visited)
   Lair: D:8-11

Altars:
Ashenzari
Cheibriados
Dithmenos
Elyvilon
Fedhas
Gozag
Hepliaklqana
Kikubaaqudgha
Makhleb
Nemelex Xobeh
Okawaru
Qazlal
Ru
Sif Muna
Trog
Uskayaw
Vehumet
Wu Jian
Xom
Yredelemnul
Zin
The Shining One

Shops:
D:1 ?   D:4 (   D:9 ?*

Annotations:
D:9 2 transporters, Couri's ghost, novice SpAl


Innate Abilities, Weirdness & Mutations

You cannot be hasted, slowed, berserked, paralysed or teleported.
You can dig through walls and to a lower floor.
You have a pair of large antennae on your head. (SInv)
Your four strong arms can wield two-handed weapons with a shield.


Message History

Casting: Vampiric Draining (safe; 1% risk of failure)
Confirm with . or Enter, or press ? or * to list all spells.
Aiming: Vampiric Draining (safe; 1% risk of failure)
Press: ? - help, Shift-Dir - straight line, f/p - death yak
Aim: a death yak (heavily wounded, constricted by zombie hands)
You draw life force from the death yak!
You feel life coursing into your body.
The zombie hands constrict the death yak!
The zombie hands release their grip on the death yak.
The death yak gores you!
Casting: Vampiric Draining (safe; 1% risk of failure)
Confirm with . or Enter, or press ? or * to list all spells.
Aiming: Borgnjor's Vile Clutch (dangerous; 5% risk of failure)
Press: ? - help, Shift-Dir - straight line, f/p - death yak
Aim: a death yak (almost dead, 100% to hit)
Zombie hands grab the death yak.
The zombie hands constrict the death yak.
The death yak closely misses you.
Casting: Borgnjor's Vile Clutch (dangerous; 5% risk of failure)
Confirm with . or Enter, or press ? or * to list all spells.
Aiming: Vampiric Draining (safe; 1% risk of failure)
Press: ? - help, Shift-Dir - straight line, f/p - death yak
Aim: a death yak (almost dead, constricted by zombie hands) Kikubaaqudgha does not allow the disloyal to dabble in death!
Flickering shadows surround you.
You feel drained.
You draw life force from the death yak!
You kill the death yak!
You feel life coursing into your body.
Kikubaaqudha cackles.
A death yak simulacrum comes into view.
Casting: Vampiric Draining (safe; 1% risk of failure)
Confirm with . or Enter, or press ? or * to list all spells.
You don't have enough magic to cast this spell.
There is an open door here.
The death yak simulacrum attacks as it pursues you!
The death yak simulacrum gores you! The death yak simulacrum freezes you!!!
You die...
Your body crumbles into a pile of gold.

#.......#...?.....#
##########'###..##....#
#................#....#
#................#....#
#................+
#................#
#................#
##..#...#.....#...#
#...#...#@....#...#
#...#...Z.....# ..#
#...#...#.....# {
#...#...#.....# {
#.#############
#............#
.#..#........# ..
..........#
...........#


You could see a death yak simulacrum.

Vanquished Creatures
  An orc warlord (Bailey)
  A death yak (D:11)
  An orc high priest (Orc:1)
  3 skeletal warriors (D:11)
  An orc knight (Orc:2)
  A manticore (D:11)
  Joseph (D:8)
  2 kobold demonologists (D:11)
  A hornet (D:7)
  A wraith (D:10)
  A wyvern (D:10)
  10 yaks
  4 wargs
  2 vampire mosquitoes (D:10)
  23 orc warriors
  A black bear (D:7)
  An ice beast (D:8)
  2 sky beasts (D:8)
  4 ogres
  5 centaurs
  6 kobold brigands
  Blork the orc (D:4)
  6 bullfrogs
  3 scorpions (D:5)
  A warg zombie (Orc:2)
  2 jellies
  5 wights
  3 killer bees (D:10)
  4 howler monkeys
  3 electric eels (D:8)
  3 bombardier beetles
  A hound (D:6)
  6 orc priests
  4 gnoll boudas
  An iguana (D:5)
  13 orc wizards
  19 gnolls
  5 adders
  A white imp (D:7)
  2 ufetubi (D:5)
  4 dart slugs
  A ribbon worm (D:5)
  53 orcs
  4 ball pythons
  A bat (D:3)
  5 endoplasms
  2 giant cockroaches
  9 goblins
  4 hobgoblins
  6 jackals
  28 kobolds
  A quokka (D:1)
  A frilled lizard (D:2)
  3 orc zombies
  5 rats
282 creatures vanquished.

Notes
Turn   | Place    | Note
-------+----------+-------------------------------------------
     0 | D:1      | DildoBatman the Formicid Conjurer began the quest for the
                  | Orb.
     0 | D:1      | Reached XP level 1. HP: 13/13 MP: 3/3
   131 | D:1      | Reached XP level 2. HP: 17/19 MP: 1/5
   134 | D:1      | Learned a level 2 spell: Searing Ray
   141 | D:1      | Found Lahauv's Magic Scroll Emporium.
   506 | D:1      | Reached XP level 3. HP: 25/25 MP: 2/6
   546 | D:1      | Reached skill level 1 in Armour
   784 | D:2      | Reached skill level 1 in Fighting
  1520 | D:3      | Identified the +1 robe of the Fisher {Harm rF+ Int-4 SInv}
  1589 | D:3      | Reached skill level 1 in Shapeshifting
  1589 | D:3      | Reached XP level 4. HP: 32/32 MP: 5/7
  1718 | D:3      | Learned a level 2 spell: Sublimation of Blood
  1875 | D:3      | Reached XP level 5. HP: 37/37 MP: 5/9
  1934 | D:3      | Identified the +1 war axe "Curilir" {heavy, Int+5 Dex-2}
  1997 | D:4      | Found Yrops's Weapon Shoppe.
  2367 | D:4      | Noticed Blork the orc
  2973 | D:1      | Bought a scroll of identify for 20 gold pieces
  2973 | D:1      | Bought a scroll of identify for 20 gold pieces
  2973 | D:1      | Bought a scroll of poison for 40 gold pieces
  2973 | D:1      | Bought a scroll of fog for 40 gold pieces
  3054 | D:5      | Entered Level 5 of the Dungeon
  3067 | D:5      | Noticed a centaur
  3238 | D:5      | Reached XP level 6. HP: 44/44 MP: 2/10
  3442 | D:5      | Noticed an ogre
  3652 | D:5      | Identified the +0 robe of the Known World {Str+3}
  3664 | D:5      | Reached XP level 7. HP: 34/51 MP: 3/12
  4529 | D:6      | Reached XP level 8. HP: 58/58 MP: 8/14
  4618 | D:6      | Identified the +5 chain mail of Qetz {+Blink Fly Will++}
  4955 | D:6      | Found an iron altar of Okawaru.
  4956 | D:6      | Found an ornate altar of the Wu Jian Council.
  4957 | D:6      | Found an opulent altar of Gozag.
  4957 | D:6      | Found a radiant altar of Vehumet.
  4967 | D:6      | Reached skill level 5 in Conjurations
  5088 | D:6      | Found a basalt altar of Yredelemnul.
  5401 | D:7      | Noticed a hornet
  6056 | D:7      | Reached skill level 5 in Spellcasting
  6356 | D:7      | Learned a level 3 spell: Frozen Ramparts
  6505 | D:7      | Found a staircase to the Ecumenical Temple.
  6522 | Temple   | Entered the Ecumenical Temple
  6542 | Temple   | Became a worshipper of Kikubaaqudgha
  6583 | D:7      | Reached skill level 5 in Armour
  6583 | D:7      | Reached XP level 9. HP: 65/67 MP: 11/16
  6627 | D:7      | Killed a hornet
  6628 | D:7      | Reached skill level 5 in Fighting
  6982 | D:4      | Killed Blork the orc
  7154 | D:8      | Reached skill level 1 in Necromancy
  7315 | D:8      | Noticed Joseph
  7758 | D:8      | Reached skill level 5 in Necromancy
  7998 | D:8      | Reached XP level 10. HP: 42/74 MP: 9/19
  8347 | D:8      | Found a shimmering blue altar of Sif Muna.
  8683 | D:8      | Reached * piety under Kikubaaqudgha
  8683 | D:8      | Received a gift from Kikubaaqudgha
  9264 | D:9      | Found Xylysupp's Mail-Order Catalogue.
  9280 | D:9      | Found a staircase to the Orcish Mines.
  9288 | D:9      | Found Geyn Exu's Magic Scroll Shop.
  9365 | D:9      | Reached skill level 1 in Ice Magic
  9719 | D:9      | Bought a scroll of fear for 44 gold pieces
  9719 | D:9      | Bought a scroll of immolation for 44 gold pieces
  9719 | D:9      | Bought a scroll of revelation for 82 gold pieces
  9909 | D:9      | Learned a level 3 spell: Vampiric Draining
 10068 | D:9      | Found a transporter.
 10068 | D:9      | Noticed Couri's ghost (novice SpAl)
 10200 | D:9      | Found a transporter.
 10328 | D:9      | Reached skill level 5 in Ice Magic
 10480 | D:10     | Entered Level 10 of the Dungeon
 10531 | D:10     | Found a flagged portal.
 10696 | Bailey   | Entered a bailey
 10790 | Bailey   | Noticed an orc warlord
 10848 | Bailey   | Reached ** piety under Kikubaaqudgha
 10894 | Bailey   | Reached XP level 11. HP: 51/79 MP: 15/20
 11049 | Bailey   | Found a runed translucent gate.
 11050 | Bailey   | Found a runed translucent gate.
 11052 | Bailey   | Found a runed translucent gate.
 11583 | Bailey   | Killed an orc warlord
 11773 | D:10     | Reached skill level 1 in Throwing
 12362 | D:8      | Killed Joseph
 12363 | D:8      | Reached skill level 5 in Dodging
 12363 | D:8      | Reached XP level 12. HP: 41/92 MP: 17/21
 12508 | Orc:1    | Entered Level 1 of the Orcish Mines
 12596 | Orc:1    | Reached *** piety under Kikubaaqudgha
 12596 | Orc:1    | Received a gift from Kikubaaqudgha
 12613 | D:9      | Fell from the grace of Kikubaaqudgha
 12717 | D:6      | Became a worshipper of Gozag Ym Sagoz the Greedy
 12897 | D:9      | Learned a level 4 spell: Dispel Undead
 12900 | D:9      | Learned a level 2 spell: Cigotuvi's Dreadful Rot
 12906 | D:9      | Learned a level 5 spell: Borgnjor's Vile Clutch
 13018 | Orc:1    | Reached skill level 1 in Earth Magic
 13509 | Orc:1    | Noticed an orc high priest
 13632 | Orc:1    | Killed an orc high priest
 13778 | Orc:2    | Entered Level 2 of the Orcish Mines
 13935 | Orc:1    | Reached skill level 5 in Earth Magic
 14162 | Orc:2    | Found a staircase to the Elven Halls.
 14682 | Orc:2    | Noticed an orc high priest
 15286 | D:11     | Noticed a skeletal warrior
 15286 | D:11     | Noticed a skeletal warrior
 15305 | D:11     | Killed a skeletal warrior
 15306 | D:11     | Reached XP level 13. HP: 16/65 MP: 9/22
 15589 | D:11     | Mangled by a death yak simulacrum

Illustrated notes

Levels and vault maps discovered:
D:1:      co_arrival_square_in_a_square_in_a_square, layout_rooms, serial_shops,
          shop_statue
D:2:      layout_loops_ring, kennysheep_cluttered_room
D:3:      layout_rooms
D:4:      layout_loops_corners, serial_shops, shop, uniq_blork_the_orc
D:5:      layout_basic, chequers_serial_rivers_marsh, serial_bayou_pond_c
D:6:      layout_gridville, mainiacjoe_overflow_alcove_3, lemuel_doored_altar
D:7:      layout_cave_pools, minmay_temple_entry_arrows
D:8:      layout_rooms, tgw_sif, chequers_big_river, wad_rectangle_vault,
          uniq_joseph
D:9:      layout_roguey, david_orc_2, serial_shops, nicolae_stop_n_shop_2,
          gammafunk_ghost_arena, monkooky_shop_mail_order
D:10:     layout_big_octagon, enter_bailey_7
D:11:     layout_grid_maze, dpeg_lair_monsters, serial_rivers,
          chequers_serial_rivers_micro_d, chequers_serial_rivers_small_a,
          chequers_serial_rivers_micro_a, chequers_serial_rivers_micro_e,
          chequers_serial_rivers_large_b, einodemon_armed_red_devil_minivault
Temple:   kb_temple_of_zot
Orc:1:    layout_diamond_mine, nicolae_orc_sculptors_studio,
          kennysheep_orc_chapel
Orc:2:    st_orc_mages, layout_diamond_mine, nicolae_orc_lost_temple

Skill      XL: |  1  2  3  4  5  6  7  8  9 10 11 12 13 |
---------------+----------------------------------------+-----
Dodging        | 2 3 5 6 |  6.0
Armour         | 1 2 3 5 7 8 |  8.0
Fighting       | 1 2 3 4 5 7 8 |  8.0
Shapeshifting  | 1 2 |  2.0
Stealth        | 3 4 |  4.0
Spellcasting   | 3 4 5 6 |  6.0
Conjurations   | 4 5 6 |  6.0
Necromancy     | 7 9 |  9.0
Ice Magic      | 6 8 |  8.0
Throwing       | 3 |  3.0
Earth Magic    | 8 9 |  9.7

Action                     |  1- 3 |  4- 6 |  7- 9 | 10-12 | 13-15 || total
---------------------------+-------+-------+-------+-------+-------++-------
  Melee: Long sword        |    12 |       |       |       |       ||    12
         Short sword       |    19 |     2 |       |       |       ||    21
         War axe           |       |     3 |    25 |    30 |     2 ||    60
         Great sword       |       |       |       |     2 |       ||     2
   Fire: Shortbow          |       |       |       |    82 |       ||    82
         Sling             |       |       |       |   104 |       ||   104
  Throw: Dart              |       |       |       |    24 |       ||    24
   Cast: Magic Dart        |    41 |    24 |    60 |    75 |       ||   200
         Searing Ray       |     1 |    12 |    64 |    89 |       ||   166
         Sublimation of Bl |       |       |       |    24 |       ||    24
         Frozen Ramparts   |       |       |       |    13 |       ||    13
         Vampiric Draining |       |       |       |    42 |     3 ||    45
         Dispel Undead     |       |       |       |    13 |     4 ||    17
         Borgnjor's Vile C |       |       |       |       |     2 ||     2
 Invoke: Renounce Religion |       |       |       |     1 |       ||     1
Ability: Dig               |       |       |       |     7 |       ||     7
  Evoke: Wand              |       |       |     1 |     2 |       ||     3
    Use: Potion            |     1 |       |     2 |     3 |       ||     6
         Scroll            |       |     6 |     2 |     1 |       ||     9
   Stab: Sleeping          |     4 |       |     1 |       |       ||     5
         Distracted        |     1 |       |       |       |       ||     1
         Paralysed         |       |       |     4 |       |       ||     4
 Armour: Robe              |    10 |     9 |   104 |   145 |       ||   268
         Skin              |       |       |    17 |       |       ||    17
         Leather armour    |       |       |       |    96 |     9 ||   105
  Dodge: Dodged            |    18 |    24 |    88 |   260 |     3 ||   393
   Form: Beast             |     1 |       |       |       |       ||     1
                           |       |       |       |     1 |       ||     1
